 Dungeon Crawl Stone Soup version 0.20.2-3-g29329e0561 (webtiles) character file.

440 Alfie the Cutter (level 7, -9/60 HPs)
             Began as a Hill Orc Fighter on Mar 5, 2024.
             Killed by divine providence
             ... invoked by an orc priest
              (11 damage)
             ... on level 4 of the Dungeon.
             The game lasted 00:05:48 (2574 turns).

Alfie the Cutter (Hill Orc Fighter)                 Turns: 2574, Time: 00:06:18

Health: -9/60      AC:  8    Str: 24    XL:     7   Next: 2%
Magic:  7/7        EV:  8    Int:  8    God:
Gold:   96         SH: 10    Dex: 10    Spells: 6/6 levels left

rFire    . . .     SeeInvis .   a - +0 rapier
rCold    . . .     Gourm    .   c - +0 shield
rNeg     + . .     Faith    .   b - +0 scale mail
rPois    .         Spirit   .   t - +0 helmet
rElec    .         Reflect  .   (no cloak)
rCorr    .         Harm     .   (no gloves)
MR       .....                  (no boots)
Stlth    ..........             (no amulet)
Regen    0.2/turn               o - ring of positive energy
MPRegen  0.1/turn               q - +3 ring of strength

@: no status effects
A: no striking features
a: Convert to Beogh


You were on level 4 of the Dungeon.
You were not hungry.

You visited 1 branch of the dungeon, and saw 4 of its levels.

You collected 96 gold pieces.

Inventory:

Hand Weapons
 a - a +0 rapier (weapon)
Missiles
 s - 5 tomahawks (quivered)
Armour
 b - a +0 scale mail (worn)
 c - a +0 shield (worn)
 t - a +0 helmet (worn)
Jewellery
 o - a ring of positive energy (left hand)
 q - a +3 ring of strength (right hand)
 r - an uncursed ring of stealth {unknown}
Wands
 d - a wand of random effects (45/48)
Scrolls
 e - 2 scrolls of teleportation
 h - a scroll of fear {unknown}
 i - 2 scrolls of immolation {unknown}
 k - a scroll of amnesia {unknown}
 l - a scroll of identify {unknown}
 n - 3 scrolls of remove curse
Potions
 j - a potion of cancellation {unknown}
 m - a potion of degeneration {unknown}
 p - a potion of lignification {unknown}
 u - a potion of berserk rage {unknown}
Comestibles
 f - a royal jelly
 g - a meat ration


   Skills:
 + Level 4.3 Fighting
 + Level 4.9 Short Blades
 + Level 4.8 Armour
 + Level 1.0 Dodging
 + Level 0.1 Stealth
 + Level 4.8 Shields


You had 6 spell levels left.
You didn't know any spells.

Dungeon Overview and Level Annotations

Branches:
Dungeon (4/15)
 Temple: D:4-7

Altars:
Fedhas
Makhleb
Qazlal
Yredelemnul
The Shining One


Message History

You closely miss the orc priest.
The orc priest shouts, "Surrender to Beogh and we'll let you live!"
The orc priest hits you with a whip.
* * * LOW HITPOINT WARNING * * *
You completely miss the orc priest.
The orc priest shouts, "Join the one true god or die!"
The orc priest misses you.
You hit the orc priest but do no damage.
The orc priest hits you but does no damage.
The orc priest calls down the wrath of Beogh upon you.
Beogh smites you!
* * * LOW HITPOINT WARNING * * *
The orc priest threatens, "By the altar or by the axe, you will meet Beogh!"
The orc priest shouts, "Beogh is our master!
Accept the truth or die!"
You hit the orc priest.
The orc priest is moderately wounded.
The orc priest hits you but does no damage.
The orc priest calls down the wrath of Beogh upon you.
Beogh smites you!
You die...

#.#.#......o
..........
#....#.#.##
#..#......
#..#.#.#.####
+..#.#.#..(...
#o............
#o##<#.......
#@##.....#.###
#.###..#......
#.# #......#
#.###..#.#.#
#......#....
#.####.# ..#
#.# #)# .# #.#
#)# #.# #.#


You could see 2 orc priests.

Vanquished Creatures
  The ghost of Alfie the Covered, an amateur HOFi (D:3)
  Ijyb (D:3)
  A human skeleton (D:2)
  An orc wizard (D:4)
  A worker ant (D:3)
  Robin (D:3)
  A gnoll (D:4)
  2 adders (D:3)
  4 worms
  2 dart slugs
  A leopard gecko (D:3)
  3 orcs
  6 giant cockroaches
  12 goblins
  4 hobgoblins
  A quokka (D:2)
  4 ball pythons
  6 bats
  5 frilled lizards
  8 kobolds
  A kobold zombie (D:2)
  8 rats
74 creatures vanquished.

Vanquished Creatures (others)
  A kobold (D:2)
1 creature vanquished.

Grand Total: 75 creatures vanquished

Notes
Turn   | Place    | Note
-------+----------+-------------------------------------------
     0 | D:1      | Alfie the Hill Orc Fighter began the quest for the Orb.
     0 | D:1      | Reached XP level 1. HP: 19/19 MP: 1/1
   129 | D:1      | Reached XP level 2. HP: 24/27 MP: 2/2
   601 | D:1      | Reached XP level 3. HP: 33/33 MP: 3/3
   778 | D:2      | Found a runed door.
   778 | D:2      | Noticed a human
   784 | D:2      | Found a basalt altar of Yredelemnul.
   848 | D:2      | Reached XP level 4. HP: 38/40 MP: 4/4
  1043 | D:2      | Found a burning altar of Makhleb.
  1204 | D:2      | Found a glowing golden altar of the Shining One.
  1326 | D:3      | Found a stormy altar of Qazlal.
  1326 | D:3      | Noticed an air elemental
  1329 | D:3      | Noticed a fire elemental
  1329 | D:3      | Noticed a water elemental
  1329 | D:3      | Noticed an earth elemental
  1489 | D:3      | Noticed Robin
  1501 | D:3      | Killed Robin
  1538 | D:3      | Reached XP level 5. HP: 43/46 MP: 5/5
  1573 | D:3      | Found a blossoming altar of Fedhas.
  1653 | D:3      | Found a faded altar of an unknown god.
  2037 | D:3      | Noticed Alfie's ghost (amateur HOFi)
  2051 | D:3      | Killed Alfie's ghost
  2051 | D:3      | Reached XP level 6. HP: 19/53 MP: 6/6
  2198 | D:3      | Noticed Ijyb
  2222 | D:3      | Killed Ijyb
  2278 | D:3      | Reached skill level 1 in Dodging
  2535 | D:4      | Reached XP level 7. HP: 43/60 MP: 7/7
  2573 | D:4      | HP: 2/60 [orc priest/divine providence (13)]
  2574 | D:4      | Killed from afar by an orc priest

Skill      XL: |  1  2  3  4  5  6 |
---------------+-------------------+-----
Fighting       | 4 |  4.3
Armour         | 4 |  4.8
Shields        | 4 |  4.8
Short Blades   | 3 4 |  4.9
Dodging        | 1 |  1.0
Stealth        | |  0.1

Action                   |  1- 3 |  4- 6 |  7- 9 || total
-------------------------+-------+-------+-------++-------
Melee: Rapier            |    89 |   177 |    16 ||   282
  Use: Potion            |       |     3 |       ||     3
       Scroll            |       |     2 |       ||     2
  Eat: Fruit             |       |     2 |       ||     2
       Bread ration      |       |     1 |       ||     1
Armor: Scale mail        |    39 |    74 |     3 ||   116
Dodge: Dodged            |    21 |    52 |     4 ||    77
Block: Shield            |    32 |    85 |     3 ||   120
